 Dungeon Crawl Stone Soup version 0.30-a0-141-g30f27751c5 (webtiles) character file.

Game seed: 1231614243852859550

168 qw the Chopper (level 5, -1/32 HPs)
             Began as a Gargoyle Fighter on Sept 25, 2022.
             Constricted to death by Natasha (2 damage)
             ... on level 2 of the Dungeon.
             The game lasted 00:00:49 (2520 turns).

qw the Chopper (Gargoyle Fighter)                   Turns: 2520, Time: 00:00:49

Health: -1/32      AC: 14    Str: 22    XL:     5   Next: 48%
Magic:  5/5        EV:  6    Int:  8    God:
Gold:   58         SH:  4    Dex:  9    Spells: 4/4 levels left

rFire   . . .      SeeInvis .    Y - +0 war axe
rCold   . . .      Faith    .    c - +0 buckler
rNeg    + . .      Spirit   .    b - +0 scale mail
rPois   inf        Reflect  .    (no helmet)
rElec   +          Harm     .    (no cloak)
rCorr   .          Rampage  .    j - +2 pair of gloves
Will    .....                    (no boots)
Stlth   ..........               (no amulet)
HPRegen 0.10/turn                (no ring)
MPRegen 0.09/turn                (no ring)

@: grasped by roots, constricted
A: sickness immunity, AC +4, negative energy resistance 1, electricity
resistance, torment resistance 1, petrification resistance
a: no special abilities


You were on level 2 of the Dungeon.
You visited 1 branch of the dungeon, and saw 2 of its levels.

You collected 58 gold pieces.


Innate Abilities, Weirdness & Mutations

You are immune to sickness and miasma.
Your stone body is resilient. (AC +4)
You are immune to poison.
You resist negative energy. (rN+)
You are resistant to electric shocks. (rElec)
You are resistant to unholy torment.
You are immune to petrification.


   Skills:
 + Level 3.3 Fighting
 - Level 5.0 Axes
 - Level 3.2 Armour
 - Level 3.2 Shields


You had 4 spell levels left.
You didn't know any spells.
Your spell library was empty.

Inventory:

Hand Weapons
 f - a +0 whip
 Y - a +0 war axe (weapon)
Armour
 a - a +0 helmet
 b - a +0 scale mail (worn)
 c - a +0 buckler (worn)
 j - a +2 pair of gloves (worn)
 l - a +0 leather armour of positive energy
Scrolls
 e - a scroll of vulnerability {unknown}
 g - a scroll of blinking {unknown}
 k - 2 scrolls of identify
Potions
 d - a potion of might
 h - a potion of flight {unknown}
 i - a potion of mutation {unknown}

Dungeon Overview and Level Annotations

Branches:
Dungeon (2/15)

Altars:

Annotations:
D:2 Natasha


Message History

The crimson imp is almost dead.
You hit Natasha but do no damage. Natasha claws you but does no damage.
The grasping roots constrict you. You block the crimson imp's attack.
You slash the crimson imp!
You kill the crimson imp!
The crimson imp disappears in a puff of smoke!
You barely miss Natasha. Natasha claws you but does no damage.
The grasping roots constrict you.
Natasha howls an incantation.
Natasha's front paws start to glow.
Natasha barely misses you. The grasping roots constrict you.
You slash Natasha!
Natasha is heavily wounded.
You hit the white imp. The white imp gestures at you.
The puff of frost hits you. Natasha completely misses you.
The grasping roots constrict you.
The grasping roots release their grip on you.
You hit the white imp but do no damage.
The white imp is severely wounded.
You hit Natasha. The white imp gestures at you. The puff of frost hits you!
Natasha zaps a wand.
The roots erupt in riotous growth!
The grasping roots grab you!
Natasha is unaffected.
The white imp is unaffected.
The now-empty wand crumbles to dust.
The grasping roots constrict you. The white imp gestures at you.
The puff of frost misses you.
You barely miss Natasha.
Natasha is almost dead.
You slash the white imp!
You kill the white imp!
The white imp disappears in a puff of smoke!
You block Natasha's attack. The grasping roots constrict you.
Natasha howls an incantation.
Natasha glows brightly for a moment.
Natasha claws you but does no damage. The grasping roots constrict you.
You die...

##...##.##.#.#...# #...##.#.#.##.
###....##.#.#...###...##........
####...........).......####.###..
..........:......###..## #.# #.#
####.##...............##### ###.#
#.##..................... ....
####.##.##......##.#......#.###.#
......#.##.....h##...............
##.......#.....ยค@...............<
####..#............#....###......
...........##....(....#.# ####.##
####.......'..........#.######.##
...........#####...#....##.......
....<..###.# ###...#....##+###.##
#####..# #.# #........#......#.#
###..# #.# #.##............#.#
#.#..# #.# #.##.........>.)'.#


You could see Natasha.

Vanquished Creatures
  Jessica (D:2)
  Natasha (twice) (D:2)
  Robin (D:2)
  2 adders (D:2)
  2 dart slugs
  6 ball pythons
  3 endoplasms
  A giant cockroach (D:1)
  12 goblins
  9 hobgoblins
  2 jackals (D:1)
  8 kobolds
  A quokka (D:1)
  3 bats (D:2)
  3 frilled lizards
  3 rats (D:2)
59 creatures vanquished.

Notes
Turn   | Place    | Note
-------+----------+-------------------------------------------
     0 | D:1      | qw the Gargoyle Fighter began the quest for the Orb.
     0 | D:1      | Reached XP level 1. HP: 14/14 MP: 1/1
     0 | D:1      | 0 ||| qw: Version: 0.2-a-10-g399e6c4
     0 | D:1      | 0 ||| qw: Game counter: 215
     0 | D:1      | 0 ||| qw: Always use a shield: true
     0 | D:1      | 0 ||| qw: God list: Okawaru
     0 | D:1      | 0 ||| qw: Allow faded altars: false
     0 | D:1      | 0 ||| qw: Do Orc after D:15 true
     0 | D:1      | 0 ||| qw: Do second Lair branch before Depths: true
     0 | D:1      | 0 ||| qw: Lair rune preference: random
     0 | D:1      | 0 ||| qw: Plans: Normal, Zot:1-4, God:TSO, Crypt, Tomb,
                  | Pan, Slime:5, Hells, Abyss, Orb
     0 | D:1      | 0 ||| PLANNING D:1-11
   123 | D:1      | Reached skill level 2 in Axes
   235 | D:1      | Reached XP level 2. HP: 19/19 MP: 2/2
   434 | D:1      | 434 ||| Stepping ~*~*~tactically~*~*~ (stealth).
   609 | D:1      | Reached skill level 3 in Axes
   699 | D:1      | Reached XP level 3. HP: 23/23 MP: 3/3
   774 | D:1      | Found a faded altar of an unknown god.
  1346 | D:1      | 1346 ||| UPGRADING to +2 pair of gloves.
  1351 | D:1      | 1351 ||| READING scroll labelled EBALIO VATIKI.
  1352 | D:1      | 1352 ||| READING scroll labelled VIWOAL POIDGH.
  1353 | D:1      | 1353 ||| READING scroll labelled QEOMEYHUXIL.
  1399 | D:2      | Noticed Robin
  1417 | D:2      | Killed Robin
  1418 | D:2      | Reached XP level 4. HP: 13/28 MP: 4/4
  1783 | D:2      | Reached skill level 4 in Axes
  2009 | D:2      | Noticed Jessica
  2010 | D:2      | 2010 ||| Stepping ~*~*~tactically~*~*~ (hiding).
  2015 | D:2      | Killed Jessica
  2016 | D:2      | 2016 ||| Stepping ~*~*~tactically~*~*~ (stealth).
  2024 | D:2      | Reached XP level 5. HP: 32/32 MP: 5/5
  2065 | D:2      | Noticed Natasha
  2066 | D:2      | 2066 ||| Stepping ~*~*~tactically~*~*~ (hiding).
  2067 | D:2      | 2067 ||| Stepping ~*~*~tactically~*~*~ (hiding).
  2074 | D:2      | Killed Natasha
  2086 | D:2      | Noticed Natasha
  2096 | D:2      | Killed Natasha
  2097 | D:2      | Reached skill level 5 in Axes
  2509 | D:2      | Noticed Natasha
  2510 | D:2      | 2510 ||| Stepping ~*~*~tactically~*~*~ (hiding).
  2512 | D:2      | 2512 ||| Stepping ~*~*~tactically~*~*~ (hiding).
  2519 | D:2      | HP: 6/32 [white imp/puff of frost[Natasha] (8)]
  2520 | D:2      | HP: 1/32 [constriction (3)]
  2520 | D:2      | Constricted to death by Natasha

Levels and vault maps discovered:
D:1:      roderic_dead_forest, layout_loops_ring, ebering_ecumenical_altar_box,
          chequers_big_river, minmay_misc_feat_diagonals
D:2:      layout_basic, uniq_natasha, uniq_jessica, uniq_robin

Skill      XL: |  1  2  3  4  5 |
---------------+----------------+-----
Axes           | 2 3 4 5 |  5.0
Fighting       | |  3.3
Armour         | |  3.2
Shields        | |  3.2

Action                   |  1- 3 |  4- 6 || total
-------------------------+-------+-------++-------
Melee: War axe           |   107 |    61 ||   168
  Use: Scroll            |     3 |       ||     3
Armor: Scale mail        |    77 |    35 ||   112
Dodge: Dodged            |    68 |    24 ||    92
Block: Buckler           |    21 |    12 ||    33

Table legend:
 A = Non-vault XP
 B = Vault XP
 C = Vault XP percentage of total XP
 D = Non-vault monster count
 E = Vault monster count
 F = Vault count percentage of total count
                 A         B        C        D         E       F
            +---------+---------+-------+---------+---------+-------
      Total |     131 |     109 |  45.4 |      45 |      14 |  23.7
            +---------+---------+-------+---------+---------+-------
        D:1 |      43 |       0 |   0.0 |      24 |       0 |   0.0
        D:2 |      88 |     109 |  55.3 |      21 |      14 |  40.0
            +---------+---------+-------+---------+---------+-------
